 Dungeon Crawl Stone Soup version 0.15-a0-1471-g7d01089 (webtiles) character file.

665 Qrupt the Skirmisher (level 7, 0/41 HPs)
             Began as a Vine Stalker Ice Elementalist on June 12, 2014.
             Slain by a goliath beetle (24 damage)
             ... on Level 5 of the Dungeon.
             The game lasted 00:15:02 (3841 turns).

Qrupt the Skirmisher (VSIE)                         Turns: 3841, Time: 00:15:02

HP   0/41        AC  4     Str 11      XL: 7   Next: 57%
MP   0/16        EV 12     Int 17      God:
Gold 91          SH  0     Dex 14      Spells:  2 memorised,  9 levels left

rFire  . . .     SeeInvis .     C - staff of conjuration
rCold  . . .     Clarity  .     p - +0 robe
rNeg   . . .     rCorr    .     (no shield)
rPois  .         rRot     +     i - +1 helmet
rElec  .         Spirit   +     (no cloak)
SustAb .         Warding  .     (no gloves)
rMut   .         Stasis   .     (no boots)
Gourm  +                        w - amulet of the gourmand
MR     +....                    (no ring)
                                l - ring of protection from magic

@: very slightly contaminated, somewhat resistant to hostile enchantments,
unstealthy
A: fangs 2, regeneration 2, magic shield, antimagic bite, no device heal 3, rot
immunity
a: no special abilities


You were on level 5 of the Dungeon.
You were not hungry.

You visited 1 branch of the dungeon, and saw 5 of its levels.

You collected 91 gold pieces.

Inventory:

Armour
 i - a +1 helmet (worn)
 p - a +0 robe (worn)
Magical devices
 y - a wand of fire (6)
Comestibles
 a - 5 fruits
 c - 3 bread rations
 g - 4 meat rations
 q - a royal jelly
Scrolls
 e - 3 scrolls of fear
 h - 2 scrolls of identify
 j - a scroll of recharging {unknown}
 k - a scroll of summoning {unknown}
 r - a scroll of fog
Jewellery
 l - a ring of protection from magic (left hand)
 w - an amulet of the gourmand (around neck)
Potions
 d - a potion of haste {unknown}
 f - a potion of flight {unknown}
 m - a potion of might {unknown}
 n - a potion of confusion {unknown}
 o - 2 potions of curing {unknown}
 s - a potion of magic {unknown}
 u - a potion of restore abilities {unknown}
 x - a potion of cure mutation {unknown}
 z - a potion of poison {unknown}
Books
 b - a book of Frost

   Spells                             Type                      Level
   *Freeze                            Ice                          1
   *Throw Frost                       Conjuration/Ice              2
   Ozocubu's Armour                   Charms/Ice                   3
   Throw Icicle                       Conjuration/Ice              4
   Summon Ice Beast                   Ice/Summoning                4
   Condensation Shield                Ice                          4
Magical staves
 C - an uncursed staff of conjuration (weapon)


   Skills:
 + Level 6.4 Fighting
 - Level 1.5 Dodging
 - Level 2.4 Stealth
 - Level 3.2 Spellcasting
 - Level 1.0 Conjurations
 - Level 3.9 Ice Magic


You had 9 spell levels left.
You knew the following spells:

 Your Spells              Type           Power        Failure   Level  Hunger
a - Freeze                Ice            ###.         3%          1    None
b - Throw Frost           Conj/Ice       ###...       12%         2    ##.....


Dungeon Overview and Level Annotations

Branches:
Dungeon (5/15)
 Temple: D:4-7

Altars:
Sif Muna

Shops:
D:5 ?

Annotations:
D:3 Grinder, Sigmund
D:5 Menkaure


Innate Abilities, Weirdness & Mutations

You have extremely sharp teeth.
You heal very quickly.
When hurt, damage is shared between your health and your magic reserves.
Your bite disrupts and absorbs the magic of your enemies.
Potions and wands cannot restore your health.
You are immune to rotting.


Message History

Aim: a goliath beetle (moderately wounded)
You freeze the goliath beetle.
The goliath beetle is moderately wounded.
Casting: Freeze
Confirm with . or Enter, or press ? or * to list all spells.
Aiming: Freeze
Press: ? - help, Shift-Dir - straight line, f/p - goliath beetle
Aim: a goliath beetle (moderately wounded)
You freeze the goliath beetle.
The goliath beetle is heavily wounded.
Casting: Freeze
Confirm with . or Enter, or press ? or * to list all spells.
Aiming: Freeze
Press: ? - help, Shift-Dir - straight line, f/p - goliath beetle
Aim: a goliath beetle (heavily wounded)
You freeze the goliath beetle.
The goliath beetle is heavily wounded.
The goliath beetle bites you!!
Ouch! That really hurt!
You die...

................ (
###.###.######## .#
..# #.# .# .## #.# .#
#. #.# .# #. #.#
#####.#
##.####.#####.....#
......(.......#.∩.#.#
##.####.........@B..#
#.##...####.#.#
#........# .#
...#..........#
.###....>...##### .#
#####...## .# ##.##
##.# #.# .#.# #.#


You could see a goliath beetle.

Vanquished Creatures
  The ghost of Chiseanne the Covert, an average OpAs (D:4)
  An orc warrior (D:5)
  2 centaurs (D:5)
  A hound (D:5)
  2 iguanas (D:4)
  A worker ant (D:5)
  Jessica (D:2)
  A scorpion zombie (D:5)
  3 adders
  A giant mite (D:2)
  3 worms (D:2)
  2 giant geckos
  An ooze (D:4)
  An orc (D:4)
  A bat skeleton (D:4)
  7 hobgoblins
  9 kobolds
  2 quokkas
  8 bats
  A giant gecko skeleton (D:4)
  2 giant newts (D:1)
  6 goblins
  2 jackals
  An orc skeleton (D:4)
  5 rats
  A rat skeleton (D:4)
66 creatures vanquished.

Notes
Turn   | Place    | Note
--------------------------------------------------------------
     0 | D:1      | Qrupt, the Vine Stalker Ice Elementalist, began the quest for the Orb.
     0 | D:1      | Reached XP level 1. HP: 9/9 MP: 3/3
   391 | D:1      | Reached XP level 2. HP: 13/13 MP: 0/6
  1015 | D:1      | Learned a level 2 spell: Throw Frost
  1186 | D:2      | Reached XP level 3. HP: 11/16 MP: 0/7
  1771 | D:2      | Reached XP level 4. HP: 17/21 MP: 0/10
  1829 | D:2      | Noticed Jessica
  1834 | D:2      | Killed Jessica
  1834 | D:2      | Reached skill level 1 in Fighting
  2086 | D:3      | Noticed Sigmund
  2187 | D:3      | Noticed Grinder
  2187 | D:3      | Paralysed by Grinder for 7 turns
  2414 | D:4      | Noticed Chiseanne's ghost (average OpAs)
  2447 | D:4      | Killed Chiseanne's ghost
  2447 | D:4      | Reached skill level 4 in Fighting
  2447 | D:4      | Reached XP level 5. HP: 17/30 MP: 0/13
  2447 | D:4      | Gained mutation: You heal very quickly. [vine stalker growth]
  2447 | D:4      | Reached XP level 6. HP: 19/34 MP: 0/15
  2845 | D:4      | Noticed a phantom
  3124 | D:4      | Found a deep blue altar of Sif Muna.
  3311 | D:5      | Entered Level 5 of the Dungeon
  3320 | D:5      | Reached skill level 5 in Fighting
  3320 | D:5      | Reached XP level 7. HP: 27/39 MP: 6/16
  3473 | D:5      | Reached skill level 6 in Fighting
  3622 | D:5      | Noticed Menkaure
  3826 | D:5      | Found Khazi's Magic Scroll Boutique.
  3841 | D:5      | Slain by a goliath beetle

Action                   |  1- 3 |  4- 6 |  7- 9 || total
-------------------------+-------+-------+-------++-------
Melee: Unarmed           |     6 |    16 |       ||    22
       Club              |       |     3 |       ||     3
       Staff             |       |       |    34 ||    34
 Cast: Freeze            |    60 |    53 |    26 ||   139
       Throw Frost       |     3 |     8 |     1 ||    12
Evoke: Wand              |       |     1 |       ||     1
  Use: Scroll            |       |    10 |       ||    10
       Potion            |       |     1 |       ||     1
 Stab: Sleeping          |     2 |       |       ||     2
